 Dungeon Sprint DCSS version 0.30-a0-469-g84de5afbc5 (webtiles) character file.

Game seed: 683801686895090561

23324 rocky1 the Merfolkian Blade (level 13, -7/112 HPs)
             Began as a Merfolk Gladiator on Dec 20, 2022.
             Was an Initiate of Gozag.
             Mangled by a vampire knight
             ... wielding a +0 bardiche
              (19 damage)
             ... in the Dungeon (Sprint III: "The Ten Rune Challenge").
             The game lasted 00:26:05 (4224 turns).

rocky1 the Merfolkian Blade (Merfolk Gladiator)     Turns: 4224, Time: 00:26:06

Health: -7/112     AC: 19    Str: 14    XL:     13   Next: 6%
Magic:  13/13      EV: 18    Int:  9    God:    Gozag
Gold:   2265       SH:  0    Dex: 18    Spells: 12/12 levels left

rFire   . . .      SeeInvis .    D - +6 scimitar of the Pit {elec, rC+ rCorr Dex-3}
rCold   + . .      Faith    .    (no shield)
rNeg    + . .      Spirit   .    F - +1 scale mail {rPois}
rPois   +          Reflect  .    c - +0 helmet
rElec   .          Harm     .    (no cloak)
rCorr   +          Rampage  .    (no gloves)
Will    +....      NoTele   +    (no boots)
Stlth   ++++++....               u - amulet of regeneration
HPRegen 1.18/turn                v - ring "Setey" {rN+ Will+ AC+4}
MPRegen 0.13/turn                r - ring of poison resistance

@: gold aura
A: (nimble swimmer 2), mertail, iridescent scales 2, thin skeletal structure 1
a: Renounce Religion, Potion Petition, Call Merchant, Bribe Branch


You were in the Dungeon.
You worshipped Gozag.
Gozag was most pleased with you.
You visited 1 branch You collected 10621 gold pieces.
You spent 5594 gold pieces at shops.
You paid 2762 gold pieces to Gozag.

Inventory:

Hand Weapons
 a - a +3 dagger of venom
 b - a +2 vorpal long sword
 B - a +0 rapier of electrocution
 D - the +6 scimitar of the Pit (weapon) {elec, rC+ rCorr Dex-3}
   (You bought it in a shop in the Dungeon)

   It occasionally discharges a powerful burst of electricity upon striking a
   foe.
   Dex:       It affects your dexterity (-3).
   rC:        It protects you from cold.
   rCorr:     It protects you from acid and corrosion.
 I - a +2 vorpal triple sword
 J - the +7 triple sword of the Grinning Genius {vorpal, +Blink}
   (You found it in the Dungeon)

   It inflicts extra damage upon your enemies.
   +Blink:    It lets you blink.
Missiles
 e - 7 curare-tipped darts
 E - 6 javelins (quivered)
Armour
 c - a +0 helmet (worn)
 y - the +5 kite shield "Forget-Me-Not" {Int+6 Dex+2}
   (You bought it in a shop in the Dungeon)

   Int:       It affects your intelligence (+6).
   Dex:       It affects your dexterity (+2).
 F - a +1 scale mail of poison resistance (worn)
Jewellery
 r - a ring of poison resistance (right hand)
 u - an amulet of regeneration (around neck)
 v - the ring "Setey" (left hand) {rN+ Will+ AC+4}
   (You bought it in a shop in the Dungeon)

   [ring of protection]

   AC:        It affects your AC (+4).
   rN:        It protects you from negative energy.
   Will:      It increases your willpower.
 w - a ring of protection from fire
 x - a ring of protection from cold
Wands
 p - a wand of charming (7)
 C - a wand of flame (24)
Scrolls
 d - 2 scrolls of poison
 g - a scroll of identify
 j - a scroll of enchant weapon
 k - 2 scrolls of blinking
 m - 2 scrolls of immolation
 t - a scroll of enchant armour
 A - a scroll of vulnerability
 K - a scroll of torment {unknown}
Potions
 f - a potion of curing
 h - 3 potions of haste
 i - 2 potions of magic
 l - 4 potions of flight
 n - 4 potions of mutation
 q - 2 potions of heal wounds
 s - 2 potions of might
 z - 2 potions of resistance
 G - a potion of brilliance
 H - a potion of ambrosia
Miscellaneous
 o - a lightning rod (4/4)


   Skills:
 - Level 13.6 Fighting
 + Level 21.6 Long Blades
 - Level 2.4 Throwing
 - Level 9.5 Armour
 - Level 16.5 Dodging
 - Level 14.5 Stealth
 - Level 10.4 Shields
 - Level 11.0 Evocations


You had 12 spell levels left.
You didn't know any spells.
Your spell library contained the following spells:

 Spells                   Type           Power      Damage    Failure   Level
 Ignite Poison            Fire/Tmut/Pois 0%         N/A       99%         3
 Sticky Flame             Conj/Fire      0%         2d3       100%        4
 Ignition                 Fire           0%         3d3       100%        8


Dungeon Overview and Level Annotations

Branches:
Dungeon (1/1)

Altars:
Cheibriados
Dithmenos
Elyvilon
Fedhas
Gozag
Hepliaklqana
Kikubaaqudgha
Makhleb
Nemelex Xobeh
Okawaru
Qazlal
Ru
Sif Muna
Trog
Uskayaw
Vehumet
Wu Jian
Xom
Yredelemnul
Zin
The Shining One
Jiyva
Lugonu

Shops:
D ((=(:(:?[*((=(


Innate Abilities, Weirdness & Mutations

((You are very nimble when in or above water. (Stealth+, EV+, Speed+++)))
Your lower body shifts to a powerful aquatic tail in water.
You are mostly covered in iridescent scales. (AC +4)
You have a somewhat thin skeletal structure. (Dex +2, Stealth+)


Message History

You slash the bat zombie!
You destroy the bat zombie!
You now have 2265 gold pieces (gained 72).
There is an open door here.
You open the door.
A vampire knight comes into view. It is wielding a +0 bardiche.
The vampire knight shouts!
The vampire knight completely misses you.
Found a scroll of vulnerability.
The vampire knight hits you with a +0 bardiche!!
The vampire knight bites you but does no damage.
There is an open door, spattered with blood here.
You slash the vampire knight!
The vampire knight is moderately damaged.
The vampire knight hits you with a +0 bardiche!!
The vampire knight bites you but does no damage.
You hit the vampire knight but do no damage.
The vampire knight is moderately damaged.
You hit the vampire knight but do no damage.
You punch the vampire knight, but do no damage.
The vampire knight is moderately damaged.
The vampire knight hits you with a +0 bardiche!!
* * * LOW HITPOINT WARNING * * *
The vampire knight closely misses you.
You closely miss the vampire knight.
The vampire knight is lightly damaged.
The vampire knight casts a spell.
The vampire knight flickers and vanishes!
Deactivating autopickup; reactivate with Ctrl-A.
You completely miss something. You slash something!
You hear some strange, mumbled words.
Something tries to affect you, but you resist.
You hit something. Lightning courses through something! Something hits you!!
* * * LOW HITPOINT WARNING * * *
Something bites you.
* * * LOW HITPOINT WARNING * * *
You completely miss something. Something hits you!!
You die...
Your body crumbles into a pile of gold.

.....#.#.#.'.#..#......#
#''###..#..#.#[.#......#
8..8.#.....###########'#
.....#######***#######.#
.....#,*,*,*,*$#.#.#)#.#
.....#+*+#+#+#+#'#'#'#'#
.....#,,^....^.........#
######,^,..........^...#
~~~***+*+#+#+#+#@#'#'#'#
~,~*,*,*,*$*,*,#{#)#)#)#
,,~*,*+********▓▓▓▓▓▓▓▓▓
,,,,,*,,*,,,,,,,,,,,,,,*
,,~*,*,,*,,^,,,,,,,,,,,*
*,~*,*,,*,,**********,,*
**+***,,*,,*,,,,,,,,*,^*
**,,,*,,*,,*,,,,,,,,*,,*
****,*,,*,,*,,,,,,,,*,,*


There were no monsters in sight!

Vanquished Creatures
  A bone dragon (D)
  Harold (D)
  A vampire knight (D)
  A fire dragon (D)
  Snorg (D)
  A yaktaur captain (D)
  2 centaur warriors (D)
  4 dancing weapons (D)
  Urug (D)
  2 skeletal warriors (D)
  An orb spider (shapeshifter) (D)
  An obsidian statue (D)
  A lindwurm (D)
  A steelbarb worm (shapeshifter) (D)
  Joseph (D)
  A deep elf pyromancer (D)
  An orc knight (D)
  4 ugly things (D)
  An unseen horror (D)
  2 cane toads (D)
  A komodo dragon (D)
  A rime drake (D)
  A queen bee (D)
  4 spriggan defenders (D)
  4 orc high priests (D)
  A slime creature (D)
  2 tyrant leeches (D)
  3 wandering mushrooms (D)
  5 blink frogs (D)
  A shadow (D)
  3 redbacks (D)
  A spatial vortex (D)
  3 orc warriors (D)
  A swamp drake (D)
  2 centaurs (D)
  An earth elemental (D)
  A necrophage (D)
  A water elemental (D)
  30 killer bees (D)
  A jelly (D)
  A wizard (D)
  6 orc wizards (D)
  A necromancer (D)
  3 humans (D)
  A kobold demonologist (D)
  A wolf (D)
  8 orcs (D)
  A bat zombie (D)
  An endoplasm (D)
  A giant cockroach zombie (D)
  3 rats (D)
123 creatures vanquished.

Vanquished Creatures (others)
  A bush (D)
  15 plants (D)
16 creatures vanquished.

Grand Total: 139 creatures vanquished

Notes
Turn   | Place    | Note
-------+----------+-------------------------------------------
     0 | D        | rocky1 the Merfolk Gladiator began the quest for the Orb.
     0 | D        | Reached XP level 1. HP: 16/16 MP: 1/1
    17 | D        | Reached skill level 4 in Long Blades
   102 | D        | Reached skill level 6 in Long Blades
   102 | D        | Reached skill level 5 in Dodging
   102 | D        | Reached skill level 1 in Stealth
   102 | D        | Reached XP level 2. HP: 23/23 MP: 2/2
   212 | D        | HP: 1/23 [wolf (8)]
   223 | D        | Reached XP level 3. HP: 6/29 MP: 3/3
   252 | D        | Gained mutation: You are frail. (-10% HP) [potion of
                  | mutation]
   252 | D        | Gained mutation: Your mind is acute. (Int +4, Str/Dex -1)
                  | [potion of mutation]
   253 | D        | Lost mutation: Your mind is acute. (Int +4, Str/Dex -1)
                  | [potion of mutation]
   253 | D        | Lost mutation: You are frail. (-10% HP) [potion of
                  | mutation]
   253 | D        | Gained mutation: Your spells are a little easier to cast,
                  | but a little less powerful. [potion of mutation]
   253 | D        | Gained mutation: Potions are less effective at restoring
                  | your health. [potion of mutation]
   253 | D        | Gained mutation: You possess an exceptional clarity of
                  | mind. [potion of mutation]
   254 | D        | Lost mutation: You possess an exceptional clarity of mind.
                  | [potion of mutation]
   254 | D        | Lost mutation: Potions are less effective at restoring your
                  | health. [potion of mutation]
   254 | D        | Lost mutation: Your spells are a little easier to cast, but
                  | a little less powerful. [potion of mutation]
   254 | D        | Gained mutation: You are partially covered in iridescent
                  | scales. (AC +2) [potion of mutation]
   254 | D        | Gained mutation: You are mostly covered in iridescent
                  | scales. (AC +4) [potion of mutation]
   254 | D        | Gained mutation: You have a somewhat thin skeletal
                  | structure. (Dex +2, Stealth+) [potion of mutation]
   319 | D        | Noticed a water elemental
   324 | D        | Killed a water elemental
   325 | D        | Reached skill level 7 in Long Blades
   325 | D        | Reached skill level 1 in Armour
   325 | D        | Reached XP level 4. HP: 37/37 MP: 4/4
   438 | D        | Noticed a shadow
   442 | D        | Killed a shadow
   443 | D        | Reached skill level 5 in Fighting
   443 | D        | Reached skill level 8 in Long Blades
   443 | D        | Reached skill level 5 in Stealth
   443 | D        | Reached XP level 5. HP: 41/46 MP: 5/5
   443 | D        | Reached XP level 6. HP: 46/52 MP: 6/6
   569 | D        | Found a blossoming altar of Fedhas.
   569 | D        | Found a stormy altar of Qazlal.
   569 | D        | Found a snail-covered altar of Cheibriados.
   569 | D        | Found a burning altar of Makhleb.
   569 | D        | Found a shimmering altar of Xom.
   569 | D        | Noticed a spatial vortex
   570 | D        | Found a hazy altar of Hepliaklqana.
   570 | D        | Found an opulent altar of Gozag.
   570 | D        | Found a sparkling altar of Nemelex Xobeh.
   570 | D        | Found a corrupted altar of Lugonu.
   570 | D        | Found a viscous altar of Jiyva.
   577 | D        | Became a worshipper of Gozag Ym Sagoz the Greedy
   587 | D        | Killed a spatial vortex
   588 | D        | Reached skill level 9 in Long Blades
   609 | D        | Found a basalt altar of Yredelemnul.
   609 | D        | Found a shadowy altar of Dithmenos.
   609 | D        | Found a sacrificial altar of Ru.
   618 | D        | Reached skill level 1 in Evocations
   618 | D        | Reached XP level 7. HP: 60/60 MP: 7/7
   648 | D        | Found a radiant altar of Vehumet.
   648 | D        | Found a shimmering blue altar of Sif Muna.
   648 | D        | Found an ancient bone altar of Kikubaaqudgha.
   774 | D        | Found a glowing silver altar of Zin.
   774 | D        | Found a glowing golden altar of the Shining One.
   774 | D        | Found a white marble altar of Elyvilon.
   774 | D        | Noticed a deep elf pyromancer
   780 | D        | Killed a deep elf pyromancer
   781 | D        | Reached skill level 10 in Long Blades
   781 | D        | Reached skill level 5 in Armour
   781 | D        | Reached skill level 10 in Dodging
   781 | D        | Reached XP level 8. HP: 68/68 MP: 8/8
   792 | D        | Found a hide-covered altar of Uskayaw.
   792 | D        | Found an iron altar of Okawaru.
   792 | D        | Found a bloodstained altar of Trog.
   792 | D        | Found an ornate altar of the Wu Jian Council.
   804 | D        | Reached skill level 11 in Long Blades
   949 | D        | Noticed Snorg
   958 | D        | Killed Snorg
   959 | D        | Reached skill level 5 in Evocations
   959 | D        | Reached XP level 9. HP: 21/77 MP: 9/9
  1170 | D        | Reached skill level 10 in Stealth
  1282 | D        | Noticed a centaur warrior
  1296 | D        | Killed a centaur warrior
  1297 | D        | Reached skill level 10 in Fighting
  1297 | D        | Reached skill level 12 in Long Blades
  1558 | D        | Killed an unseen horror
  1690 | D        | Noticed a wandering mushroom
  1695 | D        | Noticed a wandering mushroom
  1698 | D        | Noticed a wandering mushroom
  1724 | D        | Reached XP level 10. HP: 65/86 MP: 10/10
  1815 | D        | Noticed a cane toad
  1815 | D        | Noticed a cane toad
  1818 | D        | Killed a cane toad
  1820 | D        | Reached skill level 13 in Long Blades
  1825 | D        | Killed a cane toad
  2110 | D        | Noticed an orc knight
  2116 | D        | Killed an orc knight
  2128 | D        | Found Cakauduq's Antique Weapon Emporium.
  2205 | D        | Bought a runed long sword for 149 gold pieces
  2253 | D        | Bought a ring of poison resistance for 340 gold pieces
  2253 | D        | Bought an amulet of regeneration for 510 gold pieces
  2253 | D        | Bought the ring "Setey" {rN+ Will+ AC+4} for 897 gold
                  | pieces
  2262 | D        | Bought a ring of protection from fire for 425 gold pieces
  2262 | D        | Bought a ring of protection from cold for 425 gold pieces
  2264 | D        | Bought a glowing dagger for 130 gold pieces
  2264 | D        | Bought a runed dagger for 130 gold pieces
  2264 | D        | Bought a glowing long sword for 169 gold pieces
  2264 | D        | Bought a runed rapier for 182 gold pieces
  2264 | D        | Bought a runed dagger for 130 gold pieces
  2264 | D        | Bought an iridescent scimitar for 234 gold pieces
  2264 | D        | Identified the +6 scimitar of the Pit {elec, rC+ rCorr
                  | Dex-3} (You bought it in a shop in the Dungeon)
  2323 | D        | Noticed a lindwurm
  2337 | D        | Killed a lindwurm
  2338 | D        | Reached skill level 14 in Long Blades
  2338 | D        | Reached XP level 11. HP: 92/95 MP: 11/11
  2353 | D        | Noticed Urug
  2355 | D        | Killed Urug
  2356 | D        | Reached skill level 15 in Dodging
  2697 | D        | Reached skill level 10 in Evocations
  2870 | D        | Reached skill level 15 in Long Blades
  2890 | D        | Bought a runed falchion for 240 gold pieces
  2914 | D        | Noticed Harold
  2914 | D        | Noticed Joseph
  2930 | D        | Killed Harold
  2949 | D        | Killed Joseph
  2993 | D        | Noticed a soul eater
  3221 | D        | Noticed an obsidian statue
  3247 | D        | Killed an obsidian statue
  3268 | D        | Found Qoikuin's Antique Armour Emporium.
  3268 | D        | Found Sulial's Assorted Antiques.
  3268 | D        | Found Cofocam's Distillery.
  3268 | D        | Found Vyom's Antique Weapon Shoppe.
  3268 | D        | Found Mica's Magic Scroll Boutique.
  3268 | D        | Found Wigran Poith's Book Shoppe.
  3268 | D        | Found Kurienu's Jewellery Shop.
  3268 | D        | Found Isoschyph's Weapon Shop.
  3268 | D        | Found Ivuzad's Antique Weapon Emporium.
  3268 | D        | Found Lepsowa's Book Emporium.
  3268 | D        | Found Pial's Antique Weapon Boutique.
  3310 | D        | Bought a scroll of blinking for 75 gold pieces
  3310 | D        | Bought a scroll of enchant weapon for 75 gold pieces
  3310 | D        | Bought a scroll of poison for 40 gold pieces
  3310 | D        | Bought a scroll of enchant armour for 75 gold pieces
  3310 | D        | Bought 3 scrolls of identify for 60 gold pieces
  3312 | D        | Bought a potion of haste for 130 gold pieces
  3312 | D        | Bought a potion of mutation for 104 gold pieces
  3312 | D        | Bought a potion of might for 52 gold pieces
  3312 | D        | Bought a potion of haste for 130 gold pieces
  3312 | D        | Bought 2 potions of resistance for 260 gold pieces
  3312 | D        | Bought a potion of mutation for 104 gold pieces
  3312 | D        | Bought a potion of heal wounds for 65 gold pieces
  3313 | D        | Bought a faintly humming kite shield for 199 gold pieces
  3313 | D        | Identified the +5 kite shield "Forget-Me-Not" {Int+6 Dex+2}
                  | (You bought it in a shop in the Dungeon)
  3327 | D        | Bought a scroll labelled ZAURGH FUDWEITT for 23 gold pieces
  3327 | D        | Bought a scroll labelled CAFISE JANOB for 23 gold pieces
  3327 | D        | Bought a scroll labelled CAFISE JANOB for 23 gold pieces
  3331 | D        | Bought a potion of flight for 39 gold pieces
  3331 | D        | Bought a potion of brilliance for 52 gold pieces
  3331 | D        | Bought a potion of ambrosia for 104 gold pieces
  3360 | D        | Reached skill level 1 in Shields
  3372 | D        | Reached XP level 12. HP: 90/106 MP: 12/12
  3393 | D        | Reached skill level 16 in Long Blades
  3517 | D        | Noticed a fire dragon
  3546 | D        | Killed a fire dragon
  3604 | D        | Noticed a centaur warrior
  3608 | D        | Killed a centaur warrior
  3619 | D        | Identified the +1 chain mail of Uskayaw's Grace {rN+ Str+2
                  | Slay-2}
  3722 | D        | Reached skill level 17 in Long Blades
  3770 | D        | Reached skill level 10 in Shields
  3807 | D        | Identified the +7 triple sword of the Grinning Genius
                  | {vorpal, +Blink}
  3827 | D        | Noticed a yaktaur captain
  3842 | D        | Noticed an entropy weaver
  3846 | D        | an entropy weaver changed into an elephant
  3856 | D        | Reached skill level 18 in Long Blades
  3859 | D        | a deep troll changed into a shock serpent
  3859 | D        | Noticed a shock serpent (glowing shapeshifter)
  3866 | D        | a shock serpent changed into a steelbarb worm
  3896 | D        | Killed a yaktaur captain
  3897 | D        | Reached skill level 19 in Long Blades
  4025 | D        | Noticed a vampire knight
  4040 | D        | Killed a vampire knight
  4041 | D        | Reached skill level 20 in Long Blades
  4115 | D        | Noticed a bone dragon
  4131 | D        | Killed a bone dragon
  4132 | D        | Reached skill level 21 in Long Blades
  4132 | D        | Reached XP level 13. HP: 27/112 MP: 13/13
  4215 | D        | Noticed a vampire knight
  4224 | D        | Mangled by a vampire knight

Illustrated notes

Levels and vault maps discovered:
D:        dungeon_sprint_mu [sprint_mu_entry_cave, sprint_mu_temple_rooms,
          sprint_mu_d1_horrors, sprint_mu_d2_genie, sprint_mu_d3_branching,
          sprint_mu_orc_legion, sprint_mu_elf_gauntlet, sprint_mu_hive_nellie,
          sprint_mu_lair_fedhas, sprint_mu_vaults_butterflies,
          sprint_mu_slime_circle, sprint_mu_shoals_archi,
          sprint_mu_snake_twists, sprint_mu_blade_basic,
          sprint_mu_crypt_chambers, sprint_mu_tomb_spiral,
          sprint_mu_vestibule_basic, sprint_mu_gehenna_hellfire,
          sprint_mu_dis_giant, sprint_mu_tartarus_statrot,
          sprint_mu_cocytus_islands, sprint_mu_zot1]

Skill      XL: |  1  2  3  4  5  6  7  8  9 10 11 12 |
---------------+-------------------------------------+-----
Long Blades    | 6 7 8 9 10 11 12 14 15 21 | 21.6
Dodging        | 5 6 8 9 10 11 13 14 16 | 16.5
Stealth        | 1 2 3 5 7 8 9 11 12 14 | 14.5
Fighting       | 3 4 5 7 8 9 10 12 13 | 13.6
Armour         | 1 3 4 5 6 7 8 9 |  9.5
Evocations     | 1 4 5 7 9 11 | 11.0
Shields        | 2 10 | 10.4
Throwing       | |  2.4

Action                   |  1- 3 |  4- 6 |  7- 9 | 10-12 | 13-15 || total
-------------------------+-------+-------+-------+-------+-------++-------
Melee: Long sword        |    36 |    23 |    94 |   234 |       ||   387
       Punch             |     1 |     1 |     1 |     7 |     1 ||    11
       Tailslap          |       |       |     5 |    17 |       ||    22
       Dagger            |       |       |       |    16 |       ||    16
       Scimitar          |       |       |       |   172 |     9 ||   181
Throw: Throwing net      |     4 |       |       |       |       ||     4
       Javelin           |     1 |       |     1 |       |       ||     2
Invok: Call Merchant     |       |       |       |     3 |       ||     3
       Potion Petition   |       |       |       |     1 |       ||     1
Evoke: Lightning rod     |       |       |     8 |    13 |       ||    21
  Use: Potion            |     4 |       |     1 |     1 |       ||     6
       Scroll            |       |       |       |     5 |       ||     5
 Stab: Held in net/web   |     5 |       |       |       |       ||     5
       Sleeping          |     2 |     2 |     6 |    16 |     1 ||    27
       Distracted        |       |       |       |     5 |       ||     5
Armor: Leather armour    |     5 |     2 |     3 |       |       ||    10
       Ring mail         |       |       |    44 |     9 |       ||    53
       Scale mail        |       |       |       |   103 |     2 ||   105
       Skin              |       |       |       |    11 |       ||    11
Dodge: Dodged            |    18 |    11 |    87 |   302 |     2 ||   420

Table legend: (Time is in decaauts)
 A = Elapsed time spent in this place.
 B = Non-inter-level travel time spent in this place.
 C = Inter-level travel time spent in this place.
 D = Time resting spent in this place.
 E = Time spent auto-exploring this place.
 F = Levels seen in this place.
 G = Mean time per level.
                   A        B        C        D        E       F      G
               +--------+--------+--------+--------+--------+-----+--------+
         Total |   4029 |   3857 |    172 |   2016 |     14 |   1 | 4029.0 |
       Dungeon |   4029 |   3857 |    172 |   2016 |     14 |   1 | 4029.0 |
               +--------+--------+--------+--------+--------+-----+--------+

Top non-repeatable levels by time:
       D: 4029 daAuts
